 Dungeon Crawl Stone Soup version 0.30.0-5-g1a98f26d00 (webtiles) character file.

Game seed: 10491171678896971609

366 zlionsfan the Poker (level 6, -3/34 (48) HPs)
             Began as a Merfolk Reaver on May 8, 2023.
             Was an Initiate of Qazlal.
             Killed by nerve-wracking pain
             ... invoked by an orc priest
              (6 damage)
             ... on level 5 of the Dungeon.
             The game lasted 00:14:16 (3856 turns).

zlionsfan the Poker (Merfolk Reaver)                Turns: 3856, Time: 00:14:16

HP:   -3/34 (48)    AC:  4    Str: 12    XL:     6   Next: 68%
MP:   10/10         EV: 12    Int: 15    God:    Qazlal [......]
Gold: 97            SH:  0    Dex: 12    Spells: 8/11 levels left

rFire   . . .        a - +0 spear
rCold   . . .        (no shield)
rNeg    . . .        c - +0 leather armour
rPois   .            (no helmet)
rElec   .            (no cloak)
rCorr   .            i - +0 pair of gloves
SInv    .            (no boots)
Will    .....        (no amulet)
Stlth   +            (no ring)
HPRegen 0.25/turn    (no ring)
MPRegen 0.12/turn

%: no passive effects
@: mighty, attractive, very heavily drained
A: (nimble swimmer 2), mertail
a: Renounce Religion


You were on level 5 of the Dungeon.
You worshipped Qazlal.
Qazlal was noncommittal.
You visited 1 branch of the dungeon, and saw 5 of its levels.
You also visited: Sewer.

You collected 97 gold pieces.

Inventory:

Hand Weapons
 a - a +0 spear (weapon)
 b - a +0 shortbow
Armour
 c - a +0 leather armour (worn)
 i - a +0 pair of gloves (worn)
Wands
 l - a wand of flame (18)
Scrolls
 d - a scroll of teleportation
 f - a scroll of vulnerability {unknown}
 g - a scroll of fear {unknown}
 h - a scroll of poison {unknown}
 m - a scroll of torment {unknown}
 s - a scroll of identify {unknown}
Potions
 e - a potion of ambrosia {unknown}
 k - a potion of haste
 o - a potion of magic
 p - a potion of flight {unknown}
 r - a potion of brilliance


   Skills:
 * Level 3.8 Fighting
 * Level 6.5 Polearms
 + Level 0.2 Ranged Weapons
 + Level 1.3 Armour
 + Level 3.5 Dodging
 + Level 1.0 Stealth
 * Level 3.1 Spellcasting
 + Level 2.6 Conjurations


You had 8 spell levels left.
You knew the following spells:

 Your Spells              Type           Power      Damage    Failure   Level
a - Kiss of Death         Conj/Necr      24%        2d7       14%         1
b - Momentum Strike       Conj/Tloc      12%        3d8       22%         2

Your spell library contained the following spells:

 Spells                   Type           Power      Damage    Failure   Level
 Lesser Beckoning         Tloc           4%         N/A       36%         2
 Hailstorm                Conj/Ice       6%         3d4       41%         3
 Vhi's Electric Charge    Tloc/Air       4%         N/A       58%         3
 Arcjolt                  Conj/Air       3%         1d13      99%         5
 Maxwell's Capacitive Co  Air            1%         ∞         100%        8


Dungeon Overview and Level Annotations

Branches:
Dungeon (5/15)             Temple (0/1) D:4           Sewer (visited)

Altars:
Qazlal
Uskayaw


Innate Abilities, Weirdness & Mutations

((You are very nimble when in or above water. (Stealth+, EV+, Speed+++)))
Your lower body shifts to a powerful aquatic tail in water.


Message History

You closely miss the gnoll.
The gnoll is severely wounded.
The gnoll hits you but does no damage.
You barely miss the gnoll.
The gnoll is severely wounded.
A gnoll comes into view. It is wielding a +0 flail.
The gnoll hits you with a +0 whip!
You closely miss the gnoll.
The gnoll is severely wounded.
You barely miss the gnoll.
The gnoll is severely wounded.
The gnoll hits you with a +0 whip.
You feel very mighty all of a sudden. The gnoll hits you with a +0 whip!
* * * LOW HITPOINT WARNING * * *
A gnoll comes into view. It is wielding a +0 club.
You puncture the gnoll!
You kill the gnoll!
Qazlal accepts your kill.
The gnoll bouda barks out a call to the hunt!
The gnoll picks up the pace!
Okay, then.
As you read the scroll of teleportation, it crumbles to dust.
You feel strangely unstable.
You closely miss the gnoll bouda. You barely miss the gnoll bouda.
You hit the gnoll bouda.
The gnoll bouda is moderately wounded.
Your surroundings suddenly seem different.
An orc priest and 4 orcs come into view.
Found a scroll of teleportation.
The orc shouts! x4
The orc hits you with a +0 club.
* * * LOW HITPOINT WARNING * * *
It was a potion of attraction.
You feel attractive to monsters. The orc hits you but does no damage.
The orc priest calls down the wrath of Beogh upon you.
Pain shoots through your body!
You die...

#. ##. ..
###.###
###...?.#
.......o#
#..ooo#
#...o@#
#.....#
#######


You could see an orc priest and 4 orcs.

Vanquished Creatures
  A scorpion (D:4)
  An iguana (D:3)
  Jessica (D:3)
  2 orc wizards (D:4)
  Terence (D:3)
  2 gnolls
  5 adders
  3 river rats
  An ufetubus (D:4)
  3 worms
  2 dart slugs
  An orc (D:4)
  2 bats (D:1)
  7 endoplasms
  5 giant cockroaches
  3 goblins
  4 hobgoblins
  6 jackals
  10 kobolds
  5 quokkas
  9 ball pythons
  A frilled lizard (Sewer)
  8 rats
83 creatures vanquished.

Notes
Turn   | Place    | Note
-------+----------+-------------------------------------------
     0 | D:1      | zlionsfan the Merfolk Reaver began the quest for the Orb.
     0 | D:1      | Reached XP level 1. HP: 16/16 MP: 3/3
   134 | D:1      | Reached XP level 2. HP: 22/22 MP: 5/5
   449 | D:1      | Reached XP level 3. HP: 22/25 MP: 2/6
   534 | D:1      | Found a faded altar of an unknown god.
  1355 | D:2      | Reached XP level 4. HP: 23/30 MP: 7/7
  1539 | D:3      | Noticed Terence
  1610 | D:3      | Killed Terence
  1611 | D:3      | Reached skill level 5 in Polearms
  1731 | D:3      | Found a glowing drain.
  1774 | Sewer    | Entered a sewer
  1916 | Sewer    | Reached XP level 5. HP: 28/40 MP: 9/9
  2147 | Sewer    | Noticed a kobold brigand
  2205 | Sewer    | Noticed a kobold brigand
  2289 | D:3      | Reached skill level 1 in Armour
  2302 | D:3      | Reached skill level 6 in Polearms
  2493 | D:3      | Learned a level 2 spell: Momentum Strike
  2498 | D:3      | Noticed an ogre
  2895 | D:3      | Noticed Jessica
  2927 | D:3      | Killed Jessica
  2928 | D:3      | Reached XP level 6. HP: 17/35 MP: 10/10
  2936 | D:3      | Got Jessica's Disquisition on Elsewhere
  3265 | D:4      | Noticed a steam dragon
  3540 | D:4      | Found a stormy altar of Qazlal.
  3549 | D:4      | Became a worshipper of Qazlal Stormbringer
  3553 | D:4      | Found a hide-covered altar of Uskayaw.
  3582 | D:4      | Reached skill level 1 in Stealth
  3670 | D:4      | Found a staircase to the Ecumenical Temple.
  3798 | D:5      | Entered Level 5 of the Dungeon
  3856 | D:5      | Killed from afar by an orc priest

Illustrated notes

Levels and vault maps discovered:
D:1:      grunt_arrival_crossed_arrows, layout_basic,
          chequers_ecumenical_altar_simple, nicolae_kite_square_tiling_tiny
D:2:      layout_loops_corners
D:3:      layout_basic, portal_sewer_entry_b, kennysheep_jessica_study,
          uniq_robin, uniq_terence
D:4:      layout_gridville, kennysheep_mini_moat, grunt_qazlal_clouds,
          minmay_temple_entry_junction_2, uniq_blork_the_orc
D:5:      layout_loops_cross, makhleb_grotto_becter

Skill      XL: |  1  2  3  4  5  6 |
---------------+-------------------+-----
Dodging        | 3 |  3.5
Polearms       | 5 6 |  6.5
Armour         | 1 |  1.3
Fighting       | 3 |  3.8
Spellcasting   | 3 |  3.1
Stealth        | 1 |  1.0
Ranged Weapons | |  0.2
Conjurations   | |  2.6

Action                     |  1- 3 |  4- 6 || total
---------------------------+-------+-------++-------
  Melee: Spear             |   139 |   336 ||   475
         Punch             |     4 |     1 ||     5
         Tailslap          |       |     6 ||     6
   Fire: Sling             |     6 |     4 ||    10
         Shortbow          |       |     2 ||     2
   Cast: Kiss of Death     |     2 |     5 ||     7
    Use: Potion            |       |    10 ||    10
         Scroll            |       |     2 ||     2
   Stab: Distracted        |       |     1 ||     1
         Sleeping          |       |     2 ||     2
 Armour: Leather armour    |    20 |    71 ||    91
  Dodge: Dodged            |    54 |   173 ||   227
